 Dungeon Crawl Stone Soup version 0.25.0-41-g26779e291d (webtiles) character file.

Game seed: 12198932543460106499

2894 Revguard the Grappler (level 9, 0/84 HPs)
             Began as a Troll Monk on July 10, 2020.
             Was a Believer of Wu Jian.
             Slain by an orc knight
             ... wielding a +0 glaive
              (23 damage)
             ... in a bailey.
             The game lasted 00:19:37 (6122 turns).

Revguard the Grappler (Troll Monk)                  Turns: 6122, Time: 00:19:37

Health: 0/84       AC:  8    Str: 21    XL:     9   Next: 48%
Magic:  8/8        EV: 13    Int:  6    God:    Wu Jian [**....]
Gold:   525        SH:  0    Dex: 15    Spells: 8/8 levels left

rFire    + . .     SeeInvis .     - Unarmed
rCold    . . .     Gourm    +   (no shield)
rNeg     . . .     Faith    .   a - +0 robe
rPois    .         Spirit   .   (helmet restricted)
rElec    .         Reflect  .   o - +1 cloak
rCorr    +         Harm     .   (gloves unavailable)
MR       .....                  (boots unavailable)
Stlth    ++........             (no amulet)
HPRegen  0.64/turn              l - ring of resist corrosion
MPRegen  0.11/turn              n - ring of protection from fire

@: very slightly contaminated, invisible
A: large, unfitting armour, claws 3, fast metabolism 3, gourmand, regeneration
1, shaggy fur 1, tough skin 3
a: Wall Jump, Renounce Religion


You were in a bailey.
You worshipped Wu Jian.
Wu Jian was pleased with you.
You were very full.

You visited 2 branches of the dungeon, and saw 9 of its levels.
You also visited: Bailey.

You collected 525 gold pieces.

Inventory:

Armour
 a - a +0 robe (worn)
 o - a +1 cloak (worn)
Jewellery
 f - the ring of Salvation {rPois rN++ Dex-5 SInv Stlth-}
   (You found it in a bailey)

   [ring of attention]

   It affects your dexterity (-5).
   It protects you from poison.
   It greatly protects you from negative energy.
   It lets you see invisible.
   It makes you less stealthy.
 l - a ring of resist corrosion (left claw)
 n - a ring of protection from fire (right claw)
 y - a +6 ring of intelligence
Wands
 e - a wand of digging (6)
 u - a wand of acid (3)
Scrolls
 c - 3 scrolls of teleportation
 d - a scroll of blinking
 h - 2 scrolls of amnesia
 i - a scroll of remove curse
 k - 4 scrolls of immolation
 m - 2 scrolls of enchant armour
 v - 2 scrolls of enchant weapon
Potions
 j - 3 potions of might
 p - 3 potions of curing
 q - 2 potions of flight
 r - a potion of brilliance
 s - a potion of lignification
 t - a potion of invisibility
 w - a potion of ambrosia
 D - a potion of cancellation
Comestibles
 b - 10 rations


   Skills:
 + Level 3.7 Fighting
 * Level 4.1 Throwing
 + Level 6.0 Dodging
 - Level 1.0 Stealth
 + Level 10.2 Unarmed Combat
 + Level 0.9 Evocations


You had 8 spell levels left.
You didn't know any spells.
Your spell library was empty.

Dungeon Overview and Level Annotations

Branches:
Dungeon (8/15)             Temple (1/1) D:6          Bailey (1/1)
   Lair: D:8-11

Altars:
Ashenzari
Cheibriados
Dithmenos
Elyvilon
Fedhas
Gozag
Kikubaaqudgha
Makhleb
Nemelex Xobeh
Okawaru
Qazlal
Sif Muna
Trog
Uskayaw
Vehumet
Wu Jian
Xom
Yredelemnul
Zin
The Shining One

Shops:
D:4 !   D:6 [


Innate Abilities, Weirdness & Mutations

You are too large for most types of armour.
You have claws for hands.
Your metabolism is lightning-fast.
You like to eat raw meat.
Your natural rate of healing is unusually fast.
You are covered in fur. (AC +1)
You have extremely tough skin. (AC +3)


Message History

The orc knight is lightly wounded.
The orc knight hits you with a +0 glaive!!
You fade into invisibility!
The orc knight barely misses you.
You are very lightly contaminated with residual magic.
You claw the orc knight!
The orc knight is moderately wounded.
You claw the orc knight!
The orc knight is moderately wounded.
The orc knight hits you but does no damage.
You closely miss the orc knight. Your claw misses the orc knight.
The orc knight is moderately wounded.
The orc knight hits you with a +0 glaive!
* * * LOW HITPOINT WARNING * * *
You barely miss the orc knight. You claw the orc knight!
The orc knight is heavily wounded.
You scratch the orc knight but do no damage.
The orc knight is heavily wounded.
The orc knight hits you with a +0 glaive!!
You die...

#.≈.#############'######
#.≈)##.$$$.##.........##
#.≈))## ##..≈§≈≈≈§≈..#
#.≈≈..## ##..≈≈..(..≈≈..
#∩.≈≈..# #..§§o..⌠...≈≈.
##.≈≈..#+#..§≈o.⌠∩⌠..≈≈.
#.≈≈..##.#'.§≈≈§..§)≈≈..
#.≈..##...##..≈≈§§≈≈≈..#
#.≈.##o@...##.........##
#.≈.#############+###'##
#.≈..........##.....##..
#.≈≈≈≈≈≈≈≈≈≈).##.∩.##.)≈
#..........≈≈.)## ##..≈≈
##########..≈≈..###..≈≈.
##..≈≈.....≈≈..
##..≈≈≈≈≈≈≈..#
##.........##


You could see an orc knight and 2 orc warriors.

Vanquished Creatures
  An orc knight (Bailey)
  Pikel (D:6)
  A hippogriff (D:7)
  An ice beast (D:6)
  A phantom (D:6)
  2 ogres
  A necrophage (D:5)
  A centaur (D:7)
  A bullfrog (D:7)
  A scorpion (D:4)
  A water moccasin skeleton (D:5)
  A quasit (D:8)
  2 crimson imps (D:8)
  A hound (D:8)
  A jelly (D:7)
  6 orc wizards
  6 orc priests
  A centaur skeleton (D:4)
  4 iguanas
  Natasha (thrice) (D:2)
  3 worker ants
  A killer bee zombie (D:7)
  A howler monkey zombie (D:6)
  A worker ant zombie (D:8)
  7 gnolls
  13 adders
  2 shadow imps
  3 dart slugs
  5 leopard geckos
  49 orcs
  7 giant cockroaches
  11 goblins
  9 hobgoblins
  10 jackals
  4 quokkas
  8 bats
  6 frilled lizards
  6 kobolds
  3 rats
186 creatures vanquished.

Vanquished Creatures (collateral kills)
  2 shadow imps (D:3)
2 creatures vanquished.

Vanquished Creatures (others)
  An orc knight (Bailey)
  Sigmund (D:6)
  An orc wizard (D:7)
  An orc (D:6)
4 creatures vanquished.

Grand Total: 192 creatures vanquished

Notes
Turn   | Place    | Note
-------+----------+-------------------------------------------
     0 | D:1      | Revguard the Troll Monk began the quest for the Orb.
     0 | D:1      | Reached XP level 1. HP: 22/22 MP: 0/0
   177 | D:1      | Reached XP level 2. HP: 29/29 MP: 1/1
   425 | D:1      | Reached XP level 3. HP: 36/36 MP: 2/2
   984 | D:2      | Noticed Natasha
   990 | D:2      | Killed Natasha
   990 | D:2      | Reached skill level 4 in Unarmed Combat
   990 | D:2      | Reached XP level 4. HP: 44/44 MP: 3/3
  1109 | D:2      | Noticed Natasha
  1118 | D:2      | Killed Natasha
  1146 | D:2      | Found a shimmering altar of Xom.
  1146 | D:2      | Found a glowing golden altar of the Shining One.
  1151 | D:2      | Found a shattered altar of Ashenzari.
  1153 | D:2      | Found a shimmering blue altar of Sif Muna.
  1157 | D:2      | Found a faded altar of an unknown god.
  1197 | D:2      | Reached XP level 5. HP: 49/52 MP: 4/4
  1357 | D:2      | Noticed Natasha
  1369 | D:2      | Killed Natasha
  1698 | D:3      | Reached skill level 5 in Unarmed Combat
  2030 | D:3      | Reached XP level 6. HP: 61/61 MP: 5/5
  2293 | D:3      | Found a transporter.
  2326 | D:3      | Found a transporter.
  2817 | D:4      | Reached skill level 6 in Unarmed Combat
  2841 | D:4      | Reached XP level 7. HP: 27/67 MP: 6/6
  3256 | D:4      | Found Gujadghof's Distillery.
  3527 | D:4      | Found a stormy altar of Qazlal.
  3530 | D:4      | Noticed a fire elemental
  3530 | D:4      | Noticed an air elemental
  3530 | D:4      | Noticed a water elemental
  3559 | D:5      | Entered Level 5 of the Dungeon
  3633 | D:5      | Found a sparkling altar of Nemelex Xobeh.
  3748 | D:5      | Reached skill level 7 in Unarmed Combat
  3988 | D:5      | Reached skill level 1 in Throwing
  4010 | D:5      | Reached XP level 8. HP: 30/72 MP: 7/7
  4289 | D:6      | Reached skill level 8 in Unarmed Combat
  4328 | D:6      | Reached skill level 5 in Dodging
  4360 | D:6      | Noticed Pikel
  4370 | D:6      | Killed Pikel
  4403 | D:6      | Killed Sigmund
  4560 | D:6      | Found a staircase to the Ecumenical Temple.
  4590 | Temple   | Entered the Ecumenical Temple
  4651 | Temple   | Became a worshipper of the Wu Jian Council
  4651 | Temple   | Reached * piety under Wu Jian
  4651 | Temple   | Reached ** piety under Wu Jian
  4691 | D:6      | Found Naorchoty's Armour Shop.
  4714 | D:6      | Found a white marble altar of Elyvilon.
  4964 | D:7      | Reached skill level 9 in Unarmed Combat
  5157 | D:7      | Noticed a hippogriff
  5171 | D:7      | Killed a hippogriff
  5171 | D:7      | Reached XP level 9. HP: 9/83 MP: 8/8
  5747 | D:8      | Found a flagged portal.
  5768 | Bailey   | Entered a bailey
  5926 | Bailey   | Noticed an orc knight
  5926 | Bailey   | Noticed an orc knight
  5955 | Bailey   | Killed an orc knight
  5955 | Bailey   | Reached skill level 10 in Unarmed Combat
  5968 | Bailey   | HP: 1/84 [orc warrior/+0 trident (13)]
  5973 | Bailey   | Got a steaming granite ring
  5977 | Bailey   | Identified the ring of Salvation {rPois rN++ Dex-5 SInv
                  | Stlth-} (You found it in a bailey)
  6111 | Bailey   | Noticed an orc knight
  6122 | Bailey   | Slain by an orc knight

Illustrated notes

Levels and vault maps discovered:
D:1:      lemuel_arrival_funnel, layout_basic, minmay_misc_feat_hallway
D:2:      layout_basic, chequers_temple_overflow_minitemple, first_ration,
          chequers_jeans, hangedman_decor_points, uniq_natasha
D:3:      gammafunk_wand_slinger, layout_basic
D:4:      layout_loops_ring, nicolae_qazlal_style_of_elements, serial_shops,
          shop_fountains
D:5:      layout_rooms, nemelex_xobeh_ov_fountains_minmay
D:6:      layout_rooms, elyvilon_altar_3, minmay_temple_entry_ruins,
          serial_shops, shop, uniq_sigmund, uniq_pikel
D:7:      layout_cave_pools
D:8:      layout_loops_ring, nicolae_ru_great_annihilating_truth,
          enter_bailey_2, grunt_livestock, chequers_serial_rivers_small_3,
          chequers_serial_rivers_room_b, disabler_island
Temple:   nicolae_temple_god_jail
Bailey:   bailey_polearm_1, bailey

Skill      XL: |  1  2  3  4  5  6  7  8  9 |
---------------+----------------------------+-----
Dodging        | 3 4 5 6 |  6.0
Unarmed Combat | 4 5 6 7 9 10 | 10.2
Fighting       | 3 |  3.7
Throwing       | 1 3 4 |  4.1
Stealth        | |  1.0
Evocations     | |  0.9

Action                   |  1- 3 |  4- 6 |  7- 9 || total
-------------------------+-------+-------+-------++-------
Melee: Unarmed           |    96 |   158 |   304 ||   558
       Punch             |     1 |     3 |    13 ||    17
Throw: Dart              |       |       |    16 ||    16
Invok: Whirlwind         |       |       |    87 ||    87
       Lunge             |       |       |     9 ||     9
 Abil: Wall Jump         |       |       |     2 ||     2
Evoke: Wand              |       |     5 |     7 ||    12
  Use: Scroll            |       |       |    18 ||    18
       Potion            |       |       |     7 ||     7
 Stab: Sleeping          |     1 |     2 |     2 ||     5
       Invisible         |       |       |     1 ||     1
  Eat: Chunk             |    15 |    16 |    30 ||    61
Armor: Robe              |    68 |    54 |    88 ||   210
Dodge: Dodged            |    67 |   127 |   192 ||   386
